 Dungeon Crawl Stone Soup version 0.14-a0-1499-g388a102 (webtiles) character file.

4580 Bloax the Martial Artist (level 10, -9/54 HPs)
             Began as a Gargoyle Monk on Dec 14, 2013.
             Was an Elder of Cheibriados.
             Killed by an exploding giant spore (38 damage)
             ... on Level 10 of the Dungeon on Dec 15, 2013.
             The game lasted 00:29:05 (4616 turns).

Bloax the Martial Artist (Gargoyle Monk)            Turns: 4616, Time: 00:29:05

HP  -9/54        AC 16     Str 24      XL: 10   Next: 26%
MP  17/19        EV 20     Int 20      God: Cheibriados [****..]
Gold 484         SH  0     Dex 24      Spells:  0 memorised,  9 levels left

rFire  + . .     SeeInvis .       - Unarmed
rCold  . . .     Clarity  +     F - +3 leather armour {rF+}
rNeg   + . .     Conserve .     (no shield)
rPois  +         rCorr    .     (no helmet)
rElec  +         rRot     +     (no cloak)
SustAb . .       Spirit   .     r - +0 pair of orc gloves
rMut   .         Warding  .     n - +1 pair of boots
Saprov . . .     Stasis   .     (no amulet)
                                (no ring)
                                k - ring of protection from magic

@: very slow, quite resistant to hostile enchantments, stealthy
A: clarity, frail 1, life protection 1, electricity resistance, unbreathing,
petrification resistance, AC +7
a: Bend Time, Temporal Distortion, Slouch, Renounce Religion


You were on level 10 of the Dungeon.
You worshipped Cheibriados.
Cheibriados was greatly pleased with you.
You were not hungry.

You visited 2 branches of the dungeon, and saw 11 of its levels.
You also visited: Sewer.

You collected 508 gold pieces.
You spent 24 gold pieces at shops.


Innate Abilities, Weirdness & Mutations

You are resistant to torment.
You are immune to poison.
Your stone body is very resilient (AC +7).
You resist negative energy.
You are resistant to electric shocks.
You can survive without breathing.
You are immune to petrification.
You possess an exceptional clarity of mind.
You are frail (-10% HP).


   Skills:
 - Level 6.1 Fighting
 + Level 7.8 Dodging
 - Level 2.1 Stealth
 + Level 10.7 Unarmed Combat
 + Level 5.9 Invocations


You had 9 spell levels left.
You didn't know any spells.

Dungeon Overview and Level Annotations

Branches:
Dungeon (10/16)            Temple (1/1) D:7             Orc (0/4) D:10
   Lair: D:8-11

Altars:
Ashenzari
Cheibriados
Elyvilon
Fedhas
Nemelex Xobeh
Xom
Yredelemnul
the Shining One

Shops:
D:6 [   D:10 (

Inventory:

Hand weapons
 z - a +2 blowgun
   (You took it off a kobold on level 5 of the Dungeon)
Missiles
 e - 37 poisoned needles
 h - 5 needles of paralysis
 x - 12 javelins (quivered)
 y - 7 curare-tipped needles
Armour
 n - a +1 pair of boots (worn)
   (You found it on level 3 of the Dungeon)
 r - a +0 pair of orcish gloves (worn)
   (You bought it in a shop on level 6 of the Dungeon)
 F - a +3 leather armour of fire resistance (worn)
   (You took it off Eustachio on level 8 of the Dungeon)
Magical devices
 o - a wand of frost (15)
   (You found it on level 3 of the Dungeon)
 t - a wand of enslavement (12)
   (You found it on level 7 of the Dungeon)
Comestibles
 b - 4 bread rations
 d - a meat ration
Scrolls
 g - 2 scrolls of recharging
 i - 4 scrolls of remove curse
 j - 2 scrolls of enchant weapon I {unknown}
 m - 3 scrolls of teleportation
 q - 2 scrolls of identify
 u - a scroll of immolation {!r}
 w - a scroll of summoning {unknown}
 B - a scroll of fear
 D - a scroll of fog {unknown}
Jewellery
 k - a ring of protection from magic (left hand)
   (You found it on level 9 of the Dungeon)
Potions
 a - 6 potions of might
 c - 3 potions of agility
 l - 2 potions of restore abilities
 p - a potion of lignification
 s - a potion of invisibility
 v - 10 potions of curing
 C - 2 potions of brilliance
 E - a potion of flight
Magical staves
 A - a cursed staff of energy {!a}
   (You found it on level 7 of the Dungeon)

#+# #.#
##.#######
+..........
#@############
#............#
###....#####.#
#....#
####...##
#.####......#
#...........#
#####.......#
#.......#


There were no monsters in sight!


Message History

Things that are here:
an orcish scimitar; an orcish plate armour You punch the orc!
The orc is almost dead.
The orc misses you.
You punch the orc!
You kill the orc!
Cheibriados thoroughly appreciates the change of pace.
You now have 413 gold pieces (gained 20).
Things that are here:
an orcish leather armour; an orc corpse; an orcish ring mail; an orc corpse
Found 18 gold pieces.
Found 17 gold pieces and a potion of curing.
Found Mebas' Weapon Shoppe.
Found an orcish mace.
Found 3 gold pieces.
The orc picks up some gold.
You see here 12 gold pieces.
You now have 425 gold pieces (gained 12).
The orc shouts!
The orc closely misses you.
A crimson imp comes into view.
You punch the orc!
You kill the orc!
Cheibriados appreciates the change of pace.
You see here 38 gold pieces.
You now have 463 gold pieces (gained 38).
The crimson imp picks up an orcish mace.
The crimson imp wields an orcish mace.
The crimson imp closely misses you.
You see here a potion of curing.
You closely miss the crimson imp. You closely miss the crimson imp.
The crimson imp blinks!
You see here a potion of curing.
v - 10 potions of curing (gained 1)
You punch the crimson imp!
The crimson imp is heavily wounded.
The crimson imp blinks!
The crimson imp blinks!
You see here 3 gold pieces.
You now have 466 gold pieces (gained 3).
It hits you but does no damage.
The crimson imp blinks!
It hits you but does no damage.
The crimson imp blinks!
It hits you.
* * * LOW HITPOINT WARNING * * *
There is an entrance to Mebas' Weapon Shoppe here.
Evoke which item? (* to show all) (? for menu, Esc to quit)
Okay, then.
It closely misses you.
Use which ability? (? or * to list)
You can feel time thicken for a moment.
Cheibriados thoroughly appreciates the change of pace.
You feel a bit more experienced.
You kill the crimson imp!
Cheibriados thoroughly appreciates the change of pace.
You feel somewhat more hungry.
Cheibriados reduces the support of your attributes as your movement quickens.
There is an entrance to Mebas' Weapon Shoppe here.
You now have 484 gold pieces (gained 18).
You open the door.
There is an open door here.
You are near starving!
Eat which item? (? for menu, Esc to quit)
You finish eating.
That meat ration really hit the spot!
A giant spore comes into view.
The giant spore explodes!
The explosion of spores engulfs you!
One of your 5 bread rations is covered with spores!
Ouch! That really hurt!
You die...

Action                   |  1- 3 |  4- 6 |  7- 9 | 10-12 || total
-------------------------+-------+-------+-------+-------++-------
Melee: Unarmed           |   115 |   158 |   488 |    39 ||   800
 Fire: Blowgun           |       |       |    29 |     6 ||    35
Throw: Javelin           |       |       |     1 |       ||     1
Invok: Slouch            |       |       |       |     2 ||     2
Evoke: Wand              |       |    20 |    11 |     3 ||    34
  Use: Scroll            |     4 |     6 |    17 |     1 ||    28
       Potion            |     4 |     1 |     2 |     1 ||     8
 Stab: Sleeping          |     1 |     2 |     6 |     1 ||    10
       Paralysed         |       |       |       |     2 ||     2

Vault maps used:
D:1:      sevenhm_entry_forest_fort_small_5
D:2:      lemuel_round_altar
D:4:      grunt_temple_overflow_bloody_war, uniq_blork_the_orc
D:5:      wad_river_or_something, first_bread
D:6:      basic_altar, serial_shops, shop, portal_sewer_entry_e
D:7:      minmay_temple_entry_overgrown, the_bakery, tgw_xom
D:8:      fiery_altar_vehumet, ashenzari_altar_1, uniq_eustachio, uniq_grum,
          uniq_prince_ribbit1
D:9:      grunt_temple_overflow_open, lemuel_mausoleum_altar_kikubaaqudgha
D:10:     orc_david_3, hangedman_weighted_door
Temple:   circular_temple_6
Sewer:    sewer_minmay_treatment

Notes
Turn   | Place    | Note
--------------------------------------------------------------
     0 | D:1      | Bloax, the Gargoyle Monk, began the quest for the Orb.
     0 | D:1      | Reached XP level 1. HP: 14/14 MP: 1/1
   146 | D:1      | Reached XP level 2. HP: 8/19 MP: 2/2
   438 | D:2      | Found a white marble altar of Elyvilon.
   462 | D:2      | Daniel: hey
   466 | D:2      | Bloax: Hey.
   652 | D:2      | Reached XP level 3. HP: 18/23 MP: 3/3
   690 | D:3      | Reached skill level 5 in Unarmed Combat
   946 | D:4      | HP: 3/24 [worker ant (6)]
   952 | D:4      | Reached XP level 4. HP: 10/29 MP: 4/4
   978 | D:4      | Reached skill level 3 in Dodging
  1014 | D:4      | HP: 7/29 [rat (1)]
  1017 | D:4      | HP: 3/29 [it/puff of flame (3)]
  1019 | D:4      | HP: 1/29 [it/puff of flame (2)]
  1022 | D:4      | Reached skill level 4 in Fighting
  1086 | D:4      | Reached XP level 5. HP: 29/33 MP: 5/5
  1227 | D:4      | Reached skill level 6 in Unarmed Combat
  1262 | D:4      | Noticed Blork the orc
  1280 | D:4      | Killed Blork the orc
  1280 | D:4      | Reached XP level 6. HP: 22/39 MP: 6/6
  1409 | D:5      | Entered Level 5 of the Dungeon
  1498 | D:5      | Reached skill level 4 in Dodging
  1547 | D:5      | Reached skill level 5 in Fighting
  1547 | D:5      | Reached XP level 7. HP: 22/44 MP: 7/7
  1793 | D:5      | Reached skill level 7 in Unarmed Combat
  1806 | D:5      | Paralysed by a giant eyeball for 3 turns
  1821 | D:5      | Paralysed by a giant eyeball for 4 turns
  1966 | D:5      | Gained mutation: You are frail (-10% HP). [potion of mutation]
  1966 | D:5      | Gained mutation: You are clumsy. (Dex -2) [potion of mutation]
  1966 | D:5      | Lost mutation: You are clumsy. (Dex -2) [potion of mutation]
  1967 | D:5      | thanks
  2167 | D:5      | Reached skill level 5 in Dodging
  2167 | D:5      | Reached XP level 8. HP: 20/45 MP: 8/8
  2197 | D:6      | Found Caxtuf's Antique Armour Emporium.
  2206 | D:6      | HP: 9/45 [iguana (9)]
  2264 | D:6      | Bought a pair of orcish gloves for 24 gold pieces
  2366 | D:6      | Got a brightly glowing chain mail
  2379 | D:6      | Identified the cursed -4 chain mail of Hopscotch {rF+ MR+} (You found it on level 6 of the Dungeon)
  2436 | D:6      | Gained mutation: You possess an exceptional clarity of mind. [potion of beneficial mutation]
  2517 | D:7      | Reached skill level 8 in Unarmed Combat
  2671 | D:7      | Reached skill level 6 in Fighting
  2803 | D:7      | Paralysed by a giant eyeball for 4 turns
  2930 | D:7      | Found a shimmering altar of Xom.
  3001 | D:7      | Found a staircase to the Ecumenical Temple.
  3014 | Temple   | Entered the Ecumenical Temple
  3023 | Temple   | Became a worshipper of Cheibriados the Contemplative
  3288 | D:6      | Found a glowing drain.
  3295 | Sewer    | Entered a sewer
  3341 | Sewer    | Reached skill level 6 in Dodging
  3388 | Sewer    | Acquired Cheibriados' first power
  3608 | Sewer    | Reached skill level 9 in Unarmed Combat
  3657 | D:6      | Upgraded the game from 0.14-a0-1474-g1105da3 to 0.14-a0-1499-g388a102
  3686 | D:6      | Found a snail-covered altar of Cheibriados.
  3753 | D:8      | Reached skill level 1 in Invocations
  3753 | D:8      | Reached XP level 9. HP: 49/49 MP: 10/10
  3890 | D:8      | Acquired Cheibriados' second power
  3895 | D:8      | Noticed Grum
  3910 | D:8      | Killed Grum
  3910 | D:8      | Reached skill level 2 in Invocations
  3922 | D:8      | Noticed Eustachio
  3944 | D:8      | Reached skill level 3 in Invocations
  3960 | D:8      | Killed Eustachio
  4047 | D:8      | Found a shattered altar of Ashenzari.
  4161 | D:9      | Reached skill level 7 in Dodging
  4161 | D:9      | Reached skill level 4 in Invocations
  4270 | D:9      | Found a glowing golden altar of the Shining One.
  4272 | D:9      | Found a basalt altar of Yredelemnul.
  4273 | D:9      | Found a blossoming altar of Fedhas.
  4274 | D:9      | Found a sparkling altar of Nemelex Xobeh.
  4281 | D:9      | Reached skill level 10 in Unarmed Combat
  4353 | D:9      | Reached skill level 5 in Invocations
  4353 | D:9      | Reached XP level 10. HP: 26/54 MP: 16/18
  4441 | D:9      | Got a fine war axe
  4442 | D:9      | Identified the cursed +3,-2 war axe "Gram" {pain, rF+} (You found it on level 9 of the Dungeon)
  4460 | D:9      | Acquired Cheibriados' third power
  4512 | D:10     | Entered Level 10 of the Dungeon
  4530 | D:10     | Found a staircase to the Orcish Mines.
  4544 | D:10     | HP: 12/54 [orc warrior/orcish scimitar (13)]
  4548 | D:10     | HP: 1/54 [orc warrior/orcish scimitar (6)]
  4561 | D:10     | Found Mebas' Weapon Shoppe.
  4585 | D:10     | Killed an unseen horror
  4616 | D:10     | Killed by an exploding giant spore

Vanquished Creatures
  An unseen horror (D:10)
  4 yaks (D:9)
  Eustachio (D:8)
  Grum (D:8)
  A wyvern (D:9)
  3 wolves (D:8)
  3 sky beasts
  2 orc warriors
  A phantom (D:5)
  3 ogres
  A big kobold (Sewer)
  2 centaurs
  4 giant frogs
  Blork the orc (D:4)
  5 wights (D:7)
  6 crimson imps
  A jelly (D:5)
  3 hounds
  3 iguanas
  A scorpion (D:6)
  3 orc wizards
  4 worker ants
  A mummy (D:6)
  8 adders
  A giant mite (D:6)
  5 green rats
  A shadow imp (D:8)
  3 worms
  17 grey rats
  2 giant eyeballs
  2 giant geckos
  An ooze (D:7)
  21 orcs
  12 bats
  4 giant cockroaches
  10 goblins
  9 hobgoblins
  7 ball pythons
  7 giant newts
  A goblin skeleton (D:4)
  A hobgoblin zombie (D:5)
  24 kobolds
  6 quokkas
  A quokka zombie (D:6)
  19 rats
  A rat skeleton (D:5)
218 creatures vanquished.
